Map: King's Cove LE

Players

TiPtOP

  • Race: Terran Terran
  • Spawn Location: 5:00

VOD

Have the link to the VOD?

Description

Time

  • Played on: Aug. 11, 2019, 2:48 a.m.
  • Length: 8:55
Show
View Real Time Build Order
Export as new Build Order

TiPtOP Terran 

Build Orders:  

Get SALT Encoding   

  12  0:01  SCV  
  13  0:18  SCV  
  14  0:39  Supply Depot  
  14  0:41  SCV  
  15  1:09  SCV  
  16  1:19  Barracks  
  16  1:26  SCV  
  17  1:43  SCV  
  18  2:00  SCV  
  19  2:17  SCV  
  20  2:20  Command Center  
  20  2:34  SCV  
  20  2:36  Supply Depot  
  21  2:49  Refinery  
  21  2:51  SCV  
  22  3:08  SCV  
  23  3:24  Barracks  
  23  3:58  SCV  
  24  4:04  SCV  
  25  4:12  Marine  
  26  4:26  SCV  
  28  4:37  SCV  
  28  4:47  Factory  
  28  4:52  Barracks Reactor  
  28  5:00  Marine  
  28  5:06  SCV  
  30  5:10  SCV  
  31  5:25  Marine  
  31  5:26  Orbital Command  
  32  5:35  SCV  
  33  5:52  SCV  
  34  6:08  Bunker  
  34  6:09  SCV  
  35  6:19  Marine x2  
  37  6:55  Barracks Reactor  
  37  7:11  Factory Reactor  
  37  7:17  Refinery, SCV  
  37  7:18  SCV  
  39  7:23  Refinery  
  39  7:34  SCV  
  39  7:35  SCV  
  39  7:39  Marine x2  
  40  7:48  Bunker  
  40  7:56  Widow Mine x2  
  44  8:11  Marine x2  
Tags
 
Add a new tag
Caveats
  • Supply blocks, unpowered buildings, or Contaminate may cause inaccurate times.
  • Supply counts are checked every 10 seconds.